 Dungeon Crawl Stone Soup version 0.31.0-4-g52a2dc7128 (webtiles) character file.

Game seed: 4202017526295784891

1229 McKennaii the Conjurer (level 8, -6/57 HPs)
             Began as a Demigod Conjurer on Jan 22, 2024.
             Mangled by a gnoll sergeant
             ... wielding a +0 trident
              (10 damage)
             ... on level 6 of the Dungeon.
             The game lasted 00:05:02 (6247 turns).

McKennaii the Conjurer (Demigod Conjurer)           Turns: 6247, Time: 00:05:03

Health: -6/57      AC:  2    Str:  8    XL:     8   Next: 3%
Magic:  10/20      EV: 12    Int: 28    God:
Gold:   402        SH:  0    Dex: 12    Spells: 12/19 levels left

rFire   + . .        e - staff of cold
rCold   + . .        (no shield)
rNeg    . . .        a - +0 robe
rPois   .            (no helmet)
rElec   .            (no cloak)
rCorr   .            (no gloves)
SInv    .            (no boots)
Will    +....        (no amulet)
Stlth   ++           w - ring of protection from fire
HPRegen 0.29/turn    x - ring of willpower
MPRegen 0.17/turn

%: no passive effects
@: no status effects
A: high MP 1, forlorn, divine attributes
a: no special abilities


You were on level 6 of the Dungeon.
You visited 1 branch of the dungeon, and saw 6 of its levels.

You collected 402 gold pieces.

Inventory:

Armour
 a - a +0 robe (worn)
Magical Staves
 e - a staff of cold (weapon)
Jewellery
 w - a ring of protection from fire (left hand)
 x - a ring of willpower (right hand)
 y - a ring of fire
Wands
 s - a wand of paralysis (9)
Scrolls
 c - 2 scrolls of teleportation {unknown}
 d - 3 scrolls of poison {unknown}
 f - a scroll of noise {unknown}
 h - 5 scrolls of identify {unknown}
 j - a scroll of revelation {unknown}
 l - a scroll of blinking {unknown}
 m - a scroll of enchant armour {unknown}
 o - a scroll of fog {unknown}
 p - a scroll of immolation {unknown}
 q - a scroll of acquirement {unknown}
 u - 2 scrolls of enchant weapon {unknown}
Potions
 b - 4 potions of magic
 g - a potion of degeneration {unknown}
 i - 2 potions of heal wounds
 k - 2 potions of berserk rage {unknown}
 n - 2 potions of curing {unknown}
 r - a potion of lignification {unknown}
 t - a potion of attraction {unknown}
 v - a potion of resistance {unknown}


   Skills:
 - Level 1.7 Dodging
 - Level 1.7 Stealth
 + Level 6.1 Spellcasting
 + Level 7.4 Conjurations


You had 12 spell levels left.
You knew the following spells:

 Your Spells              Type           Power      Damage    Failure   Level
a - Magic Dart            Conj           100%       1d8       1%          1
b - Searing Ray           Conj           100%       2d8       1%          2
c - Iskenderun's Mystic   Conj/Tloc      29%        2d7       13%         4

Your spell library contained the following spells:

 Spells                   Type           Power      Damage    Failure   Level
 Sting                    Conj/Alch      100%       1d9       1%          1
 Apportation              Tloc           16%        N/A       6%          1
 Necrotise                Necr           32%        1d5       6%          1
 Summon Small Mammal      Summ           32%        N/A       6%          1
 Fulminant Prism          Conj/Alch      14%        3d9       13%         4
 Arcjolt                  Conj/Air       14%        1d24      36%         5
 Vhi's Electric Charge    Tloc/Air       16%        N/A       52%         4
 Maxwell's Capacitive Co  Air            4%         ∞         100%        8


Dungeon Overview and Level Annotations

Branches:
Dungeon (6/15)             Temple (0/1) D:5


Innate Abilities, Weirdness & Mutations

You have an increased reservoir of magic. (+10% MP)
You shall have no god before yourself.
Your divine heritage dramatically boosts your attributes as you level up.


Message History

You kill the gnoll!
The gnoll sergeant closely misses you.
Unknown command.
The searing ray hits the gnoll!
You kill the gnoll!
The searing ray hits the gnoll sergeant but does no damage.
The gnoll sergeant is heavily wounded.
The gnoll sergeant hits you from afar with a +0 trident!!
The gnoll closely misses you.
Unknown command.
The searing ray misses the gnoll sergeant.
The searing ray hits the orc!
You kill the orc!
You finish channelling your searing ray.
The gnoll sergeant hits you from afar with a +0 trident!
The gnoll hits you from afar with a +0 spear.
Unknown command.
The gnoll sergeant attacks as it pursues you!
The gnoll sergeant hits you from afar with a +0 trident!
* * * LOW HITPOINT WARNING * * *
Casting: Searing Ray (safe; 1% risk of failure)
Confirm with . or Enter, or press ? or * to list all spells.
Aiming: Searing Ray (safe; 1% risk of failure)
Press: ? - help, Shift-Dir - straight line, f/p - gnoll sergeant
Aim: a gnoll sergeant, wielding a +0 trident, wearing a +0 scale mail and wearing a +0 buckler (heavily wounded, 87% to hit)
The searing ray hits the gnoll sergeant.
The gnoll sergeant is severely wounded.
The searing ray hits the orc.
The orc is severely wounded.
The searing ray hits the orc but does no damage. (Press . to maintain the ray.)
The gnoll sergeant barely misses you.
The searing ray hits the gnoll sergeant.
The gnoll sergeant is almost dead.
The searing ray hits the orc!
You kill the orc!
The searing ray hits the orc!
You kill the orc!
The gnoll sergeant hits you from afar with a +0 trident!
You die...

###### #....# #.##.#
#.##.# #########.#..# .
#.......#.#.##
....#.#####.#.#.#######
...))gg.@.........>...#
...:#######.######.##.#
. ###.............#
#.....######.####
#.....######.#
#.....##.....#
#.....##.#####
#.....#..# #.......##


You could see a gnoll sergeant and a gnoll.

Vanquished Creatures
  A steam dragon (D:6)
  3 black bears
  A centaur (D:6)
  A kobold brigand (D:5)
  A scorpion (D:6)
  A howler monkey (D:5)
  2 bombardier beetles
  A hound (D:5)
  A jelly (D:4)
  A sleepcap (D:6)
  Jessica (D:3)
  2 iguanas
  3 orc wizards
  6 gnolls
  10 adders
  A ribbon worm (D:3)
  2 dart slugs
  21 orcs
  8 bats
  7 endoplasms
  3 giant cockroaches
  8 goblins
  4 hobgoblins
  7 jackals
  4 quokkas
  4 ball pythons
  5 frilled lizards
  16 kobolds
  5 rats
130 creatures vanquished.

Notes
Turn   | Place    | Note
-------+----------+-------------------------------------------
     0 | D:1      | McKennaii the Demigod Conjurer began the quest for the Orb.
     0 | D:1      | Reached XP level 1. HP: 14/14 MP: 5/5
   277 | D:1      | Reached XP level 2. HP: 20/20 MP: 3/7
   280 | D:1      | Learned a level 2 spell: Searing Ray
   585 | D:1      | Reached skill level 4 in Conjurations
  1690 | D:2      | Reached XP level 3. HP: 26/26 MP: 6/9
  2290 | D:3      | Noticed Jessica
  2294 | D:3      | Killed Jessica
  2299 | D:3      | Reached XP level 4. HP: 26/33 MP: 0/11
  3293 | D:4      | Reached XP level 5. HP: 38/38 MP: 9/13
  3440 | D:4      | Reached skill level 5 in Conjurations
  3680 | D:4      | Identified the +1 helmet of Mirth {^Drain Fly rPois rN++}
  3824 | D:4      | Noticed a black bear
  3831 | D:4      | Killed a black bear
  3896 | D:4      | Noticed a black bear
  3904 | D:4      | Killed a black bear
  3905 | D:4      | Reached XP level 6. HP: 41/45 MP: 5/15
  4013 | D:4      | Learned a level 4 spell: Iskenderun's Mystic Blast
  4425 | D:5      | Entered Level 5 of the Dungeon
  4547 | D:5      | Found a staircase to the Ecumenical Temple.
  4730 | D:5      | Reached skill level 6 in Conjurations
  4969 | D:5      | Reached XP level 7. HP: 36/50 MP: 9/17
  5093 | D:5      | Reached skill level 5 in Spellcasting
  5678 | D:6      | Noticed a steam dragon
  5683 | D:6      | Killed a steam dragon
  5746 | D:6      | Reached skill level 7 in Conjurations
  6028 | D:6      | Reached XP level 8. HP: 57/57 MP: 13/20
  6247 | D:6      | Mangled by a gnoll sergeant

Illustrated notes

Levels and vault maps discovered:
D:1:      dpeg_arrival_fog, layout_basic, serial_forest,
          infiniplex_forest_zigzag_2, infiniplex_forest_lined_3,
          infiniplex_forest_straight_2, infiniplex_forest_straight_2,
          infiniplex_forest_straight_1, infiniplex_forest_straight_5
D:2:      layout_basic
D:3:      layout_basic, grunt_dithmenos_smoke_and_mirrors,
          mainiacjoe_overflow_alcove_3, serial_bayou_ford_a, uniq_jessica
D:4:      layout_loops_ring, st_stairs_9, minmay_mini_jars
D:5:      black_bear_nest_2, layout_basic, elyvilon_altar_3,
          nicolae_overflow_crystal_walls, minmay_temple_entry_arrows
D:6:      layout_basic, vehumet_crystals

Skill      XL: |  1  2  3  4  5  6  7 |
---------------+----------------------+-----
Spellcasting   | 2 3 4 6 |  6.1
Conjurations   | 4 5 6 7 |  7.4
Dodging        | |  1.7
Stealth        | |  1.7

Action                     |  1- 3 |  4- 6 |  7- 9 || total
---------------------------+-------+-------+-------++-------
  Melee: Unarmed           |     8 |       |       ||     8
         Staff             |       |       |    12 ||    12
   Cast: Magic Dart        |    84 |   128 |    39 ||   251
         Searing Ray       |     2 |     8 |    21 ||    31
  Evoke: Wand              |       |       |     2 ||     2
    Use: Potion            |       |       |     1 ||     1
   Stab: Paralysed         |       |       |     5 ||     5
 Armour: Robe              |     6 |    37 |    36 ||    79
  Dodge: Dodged            |    11 |    25 |    26 ||    62
